 Dungeon Crawl Stone Soup version 0.28.0-43-g3370ac3207 (webtiles) character file.

Game seed: 9150597208935099820

13923 funkygono the Thaumaturge (level 12, -9/62 HPs)
             Began as a Gargoyle Fire Elementalist on Mar 11, 2022.
             Was a Priest of Vehumet.
             Mangled by a seven-headed hydra (12 damage)
             ... on level 1 of the Lair of Beasts.
             The game lasted 00:32:17 (14559 turns).

funkygono the Thaumaturge (GrFE)                   Turns: 14559, Time: 00:32:18

Health: -9/62      AC: 19    Str: 14    XL:     12   Next: 11%
Magic:  16/27      EV: 12    Int: 19    God:    Vehumet [***...]
Gold:   628        SH:  0    Dex: 10    Spells: 16/33 levels left

rFire   . . .      SeeInvis .   e - +2 flail (protect)
rCold   . . .      Faith    .   (no shield)
rNeg    + . .      Spirit   .   y - +1 leather armour of Satisfaction {rElec rPois Regen+}
rPois   ∞          Reflect  .   p - +2 helmet
rElec   +          Harm     .   f - +1 cloak
rCorr   .          Rampage  .   (no gloves)
Will    .....                   k - +0 pair of boots
Stlth   ++........              j - amulet of regeneration
HPRegen 1.80/turn               q - +4 ring of slaying
MPRegen 0.20/turn               B - ring of wizardry

@: marked
A: sickness immunity, AC +8, negative energy resistance 1, electricity
resistance, torment resistance 1, petrification resistance
a: Renounce Religion


You were on level 1 of the Lair of Beasts.
You worshipped Vehumet.
Vehumet was most pleased with you.
You visited 3 branches of the dungeon, and saw 13 of its levels.
You also visited: Ossuary.

You collected 628 gold pieces.

Inventory:

Hand Weapons
 e - a +2 flail of protection (weapon)
Missiles
 l - 192 stones (quivered)
Armour
 f - a +1 cloak (worn)
 k - a +0 pair of boots (worn)
 p - a +2 helmet (worn)
 y - the +1 leather armour of Satisfaction (worn) {rElec rPois Regen+}
   (You found it on level 8 of the Dungeon)

   rElec:     It insulates you from electricity.
   rPois:     It protects you from poison.
   Regen:     It increases your rate of health regeneration.
 z - the +18 Lear's hauberk
   (You found it on level 9 of the Dungeon)
Magical Staves
 A - a staff of earth
Jewellery
 h - a +6 ring of strength
 j - an amulet of regeneration (around neck)
 q - a +4 ring of slaying (left hand)
 B - a ring of wizardry (right hand)
Wands
 D - a wand of iceblast (4)
 F - a wand of acid (3)
Scrolls
 a - a scroll of torment {unknown}
 o - 3 scrolls of vulnerability
 r - 3 scrolls of teleportation
 C - a scroll of amnesia
 G - 2 scrolls of fog
Potions
 c - 2 potions of resistance
 d - 4 potions of mutation
 i - 2 potions of curing
 m - 4 potions of haste
 n - 2 potions of invisibility
 s - 2 potions of magic
 t - 3 potions of attraction
 u - a potion of flight
 v - 2 potions of might
 w - a potion of heal wounds {unknown}
 x - a potion of cancellation
 J - a potion of brilliance {unknown}


   Skills:
 + Level 2.2 Fighting
 + Level 4.5 Maces & Flails
 + Level 2.7 Armour
 + Level 3.2 Dodging
 - Level 2.1 Stealth
 * Level 11.4 Spellcasting
 * Level 8.6 Conjurations
 * Level 10.3 Fire Magic
 + Level 5.4 Earth Magic


You had 16 spell levels left.
You knew the following spells:

 Your Spells              Type           Power      Damage    Failure   Level
a - Foxfire               Conj/Fire      100%       2x1d9     1%          1
b - Scorch                Fire           100%       2d10      1%          2
c - Conjure Flame         Conj/Fire      46%        6-21      1%          3
d - Flame Wave            Conj/Fire      46%        2d10      1%          4
e - Starburst             Conj/Fire      23%        6d8       3%          6
f - Sandblast             Erth           62%        2d14      1%          1

Your spell library contained the following spells:

 Spells                   Type           Power      Damage    Failure   Level
 Frozen Ramparts          Ice            20%        1d4       3%          3
 Poisonous Vapours        Pois/Air       20%        N/A       1%          2
 Inner Flame              Hex/Fire       30%        N/A       1%          3
 Iskenderun's Battlesphe  Conj           43%        2d9       1%          5
 Beastly Appendage        Tmut           20%        N/A       3%          1
 Sting                    Tmut/Pois      40%        1d5       3%          1
 Blink                    Tloc           20%        N/A       4%          2
 Corpse Rot               Necr/Air       20%        N/A       4%          2
 Wereblood                Tmut           10%        N/A       4%          2
 Freezing Cloud           Conj/Ice/Air   10%        6-21      8%          5
 Olgreb's Toxic Radiance  Pois           10%        N/A       9%          4
 Gell's Gravitas          Tloc           10%        N/A       10%         3
 Lesser Beckoning         Tloc           10%        N/A       10%         3
 Spider Form              Tmut/Pois      10%        N/A       10%         3
 Teleport Other           Tloc           10%        N/A       10%         3
 Manifold Assault         Tloc           10%        N/A       61%         5
 Eringya's Noxious Bog    Tmut/Pois      5%         N/A       69%         6
 Dispersal                Tloc           5%         N/A       99%         6
 Simulacrum               Ice/Necr       5%         N/A       99%         6
 Polar Vortex             Ice            5%         N/A       100%        9


Dungeon Overview and Level Annotations

Branches:
Dungeon (11/15)            Temple (1/1) D:6            Lair (1/6) D:10
    Orc (0/2) D:9         Ossuary (visited)

Altars:
Ashenzari
Cheibriados
Dithmenos
Elyvilon
Fedhas
Gozag
Hepliaklqana
Kikubaaqudgha
Makhleb
Nemelex Xobeh
Okawaru
Qazlal
Ru
Sif Muna
Trog
Uskayaw
Vehumet
Wu Jian
Xom
Yredelemnul
Zin
The Shining One

Shops:
D:1 (   D:2 (:=

Annotations:
D:7 2 transporters
D:9 Nergalle


Innate Abilities, Weirdness & Mutations

You are immune to sickness and miasma.
Your stone body is resilient. (AC +8)
You are immune to poison.
You resist negative energy. (rN+)
You are resistant to electric shocks. (rElec)
You are resistant to unholy torment.
You are immune to petrification.


Message History

The flame wave engulfs the seven-headed hydra!
The seven-headed hydra is heavily wounded.
The flame wave engulfs the wolf!
The wolf is almost dead.
The flame wave engulfs the wolf!
The wolf is severely wounded.
The flame wave engulfs the wolf!
The wolf is heavily wounded.
The flame wave engulfs the bullfrog!
The bullfrog is heavily wounded.
You finish channelling waves of flame.
The seven-headed hydra bites you. The seven-headed hydra bites you!
The seven-headed hydra bites you.
The seven-headed hydra barely misses you.
The seven-headed hydra bites you but does no damage. x3
Casting: Flame Wave (safe; 1% risk of failure)
Confirm with . or Enter, or press ? or * to list all spells.
Flames lash the wolf.
You kill the wolf!
Vehumet accepts your kill.
You feel your power returning. The seven-headed hydra misses you.
The seven-headed hydra bites you!
The seven-headed hydra barely misses you. x3
The seven-headed hydra bites you! The seven-headed hydra bites you.
Casting: Scorch (safe; 1% risk of failure)
Confirm with . or Enter, or press ? or * to list all spells.
Flames lash the bullfrog.
You kill the bullfrog!
Vehumet accepts your kill.
You feel your power returning. The seven-headed hydra bites you.
The seven-headed hydra bites you!
* * * LOW HITPOINT WARNING * * *
The seven-headed hydra bites you.
* * * LOW HITPOINT WARNING * * *
The seven-headed hydra bites you but does no damage.
The seven-headed hydra bites you.
* * * LOW HITPOINT WARNING * * *
The seven-headed hydra bites you.
* * * LOW HITPOINT WARNING * * *
The seven-headed hydra bites you!
You die...

.# #.# #.# #.## #.
######..#### #.. ##
+.#..#.#.#P# #.#
#.hh##..........#
#.#
#.hhhD@###......##
#.P
...hh#####........#
##.# ....
##..P....###..# ..
##...P.........
#.........#.#.P
##........##..#
#......P..#P.#
#..#...#.P##.#
##...#.#.###.#


You could see a seven-headed hydra and 7 wolves.

Vanquished Creatures
  4 two-headed ogres
  A deep elf pyromancer (D:10)
  A gargoyle (D:9)
  A kobold demonologist (D:9)
  Grinder (D:3)
  3 shadows (D:11)
  A vampire (D:5)
  2 wyverns
  A wraith (D:10)
  18 yaks
  2 wargs (D:10)
  Edmund (D:4)
  2 acid dragons (D:9)
  4 water moccasins
  2 sky beasts
  5 orc warriors
  2 ice beasts (D:6)
  5 wolves (Lair:1)
  An ogre (D:4)
  4 centaurs
  2 phantoms
  3 elf zombies (Ossuary)
  3 kobold brigands
  2 wyvern zombies
  12 bullfrogs
  A gnoll sergeant (D:5)
  A scorpion (D:4)
  A water moccasin zombie (D:6)
  A wyvern skeleton (D:7)
  4 killer bees (D:8)
  10 electric eels (D:10)
  3 howler monkeys (D:7)
  6 centaur zombies
  4 human zombies (Ossuary)
  A hound (D:6)
  6 orc priests
  A bullfrog skeleton (D:6)
  3 jellies
  2 iguanas
  6 orc wizards
  A killer bee zombie (D:5)
  A hound zombie (Ossuary)
  A hound skeleton (D:4)
  3 mummies (Ossuary)
  A howler monkey zombie (D:9)
  Robin (D:2)
  14 gnolls
  4 adders
  A shadow imp (D:8)
  3 white imps
  5 adder zombies (Ossuary)
  An adder skeleton (D:4)
  2 worms (D:2)
  2 dart slugs
  34 orcs
  5 endoplasms
  A giant cockroach (D:2)
  2 gnoll zombies (Ossuary)
  14 goblins
  6 hobgoblins
  7 jackals
  14 kobolds
  4 ball pythons
  3 bats
  5 frilled lizards
  5 goblin zombies (Ossuary)
  2 hobgoblin zombies (Ossuary)
  2 jackal zombies (Ossuary)
  2 kobold zombies (Ossuary)
  An orc zombie (Ossuary)
  4 quokka zombies (Ossuary)
  7 rats
  3 rat zombies (Ossuary)
294 creatures vanquished.

Vanquished Creatures (collateral kills)
  2 foxfires
2 creatures vanquished.

Vanquished Creatures (others)
  869 foxfires
  A fungus (Lair:1)
  8 plants
878 creatures vanquished.

Grand Total: 1174 creatures vanquished

Notes
Turn   | Place    | Note
-------+----------+-------------------------------------------
     0 | D:1      | funkygono the Gargoyle Fire Elementalist began the quest
                  | for the Orb.
     0 | D:1      | Reached XP level 1. HP: 10/10 MP: 3/3
   302 | D:1      | Reached XP level 2. HP: 15/15 MP: 3/5
   305 | D:1      | Learned a level 2 spell: Scorch
   351 | D:1      | Found Ribedowk's Weapon Shoppe.
   793 | D:1      | Found a faded altar of an unknown god.
   898 | D:1      | You fall into a shaft and drop 1 floor!
   921 | D:2      | Found Neempia's Book Emporium.
  1014 | D:2      | Reached XP level 3. HP: 19/19 MP: 0/6
  1018 | D:2      | Learned a level 3 spell: Conjure Flame
  1116 | D:2      | Reached XP level 4. HP: 18/24 MP: 0/7
  1343 | D:2      | Found Picam's Weapon Shoppe.
  1394 | D:2      | Noticed Robin
  1459 | D:2      | Killed Robin
  1460 | D:2      | Reached skill level 3 in Spellcasting
  1908 | D:2      | Found Nuash's Jewellery Emporium.
  2721 | D:3      | Reached XP level 5. HP: 28/28 MP: 5/9
  3147 | D:3      | Noticed Grinder
  3149 | D:3      | Paralysed by Grinder for 5 turns
  3160 | D:3      | Killed Grinder
  3161 | D:3      | Reached skill level 5 in Fire Magic
  3161 | D:3      | Reached XP level 6. HP: 28/33 MP: 1/11
  3769 | D:3      | Learned a level 4 spell: Flame Wave
  3924 | D:4      | Noticed Edmund
  3980 | D:4      | Killed Edmund
  3981 | D:4      | Reached skill level 4 in Spellcasting
  3981 | D:4      | Reached XP level 7. HP: 35/37 MP: 0/13
  4569 | D:4      | Found a bloodstained altar of Trog.
  4967 | D:5      | Entered Level 5 of the Dungeon
  5171 | D:5      | Reached skill level 5 in Spellcasting
  5317 | D:5      | Noticed a vampire
  5356 | D:4      | Reached XP level 8. HP: 36/42 MP: 4/15
  6034 | D:5      | Killed a vampire
  6035 | D:5      | Reached skill level 1 in Maces & Flails
  6484 | D:5      | Got the Papyrus of Moulding and Confrontation
  6628 | D:6      | Reached skill level 5 in Conjurations
  6638 | D:6      | Reached skill level 1 in Fighting
  6638 | D:6      | Reached skill level 6 in Spellcasting
  6731 | D:6      | Found a sand-covered staircase.
  6739 | Ossuary  | Entered an ossuary
  7128 | Ossuary  | Reached XP level 9. HP: 47/47 MP: 0/18
  7710 | D:6      | Found a staircase to the Ecumenical Temple.
  7728 | Temple   | Entered the Ecumenical Temple
  7766 | Temple   | Became a worshipper of Vehumet
  7864 | D:6      | Reached skill level 7 in Spellcasting
  8126 | D:6      | Found a hazy altar of Hepliaklqana.
  8129 | D:6      | Found a stormy altar of Qazlal.
  8176 | D:6      | Found a snail-covered altar of Cheibriados.
  8196 | D:6      | Found an iron altar of Okawaru.
  8629 | D:7      | Reached * piety under Vehumet
  8629 | D:7      | Offered knowledge of Sandblast by Vehumet.
  8633 | D:7      | Learned a level 1 spell: Sandblast
  8908 | D:7      | Reached skill level 1 in Earth Magic
  8935 | D:7      | Found a transporter.
  9025 | D:7      | Reached skill level 8 in Spellcasting
  9202 | D:7      | Found a transporter.
  9306 | D:7      | Reached XP level 10. HP: 52/52 MP: 16/22
  9978 | D:8      | Reached skill level 9 in Spellcasting
 10019 | D:8      | Identified the +1 leather armour of Satisfaction {rElec
                  | rPois Regen+}
 10646 | D:8      | Learned a level 6 spell: Starburst
 10819 | D:9      | Found the +18 Lear's hauberk
 11004 | D:9      | Noticed a kobold demonologist
 11015 | D:9      | Killed a kobold demonologist
 11122 | D:9      | Found a staircase to the Orcish Mines.
 11177 | D:9      | Reached ** piety under Vehumet
 11177 | D:9      | Offered knowledge of Magic Dart by Vehumet.
 11301 | D:9      | Noticed a gargoyle
 11309 | D:9      | Killed a gargoyle
 11310 | D:9      | Reached skill level 1 in Armour
 11314 | D:9      | Found a glowing silver altar of Zin.
 11604 | D:10     | Entered Level 10 of the Dungeon
 11615 | D:10     | Noticed Nergalle
 11618 | D:10     | Noticed a spectral orc warlord
 11623 | D:10     | Noticed a spectral orc warlord
 11856 | D:10     | Reached XP level 11. HP: 50/57 MP: 15/24
 11954 | D:10     | Found a staircase to the Lair.
 12153 | D:10     | Reached skill level 10 in Spellcasting
 12190 | D:10     | Noticed a deep elf pyromancer
 12190 | D:10     | Noticed a two-headed ogre
 12209 | D:10     | Killed a deep elf pyromancer
 12213 | D:10     | Killed a two-headed ogre
 12497 | D:10     | Noticed a two-headed ogre
 12522 | D:10     | Killed a two-headed ogre
 12662 | D:10     | Offered knowledge of Dazzling Flash by Vehumet.
 12788 | D:10     | Reached *** piety under Vehumet
 12861 | D:10     | Identified the +1 robe "Jotev" {Int+2}
 13188 | D:11     | Noticed a two-headed ogre
 13229 | D:11     | Killed a two-headed ogre
 13230 | D:11     | Reached skill level 5 in Earth Magic
 13565 | D:11     | Noticed a two-headed ogre
 13571 | D:11     | Killed a two-headed ogre
 13833 | D:11     | Reached skill level 11 in Spellcasting
 13833 | D:11     | Offered knowledge of Frozen Ramparts by Vehumet.
 13834 | D:11     | Reached skill level 10 in Fire Magic
 13996 | D:11     | Reached XP level 12. HP: 62/62 MP: 9/27
 14438 | Lair:1   | Entered Level 1 of the Lair of Beasts
 14549 | Lair:1   | Noticed a seven-headed hydra
 14559 | Lair:1   | HP: 3/62 [seven-headed hydra (4)]
 14559 | Lair:1   | Mangled by a seven-headed hydra

Illustrated notes

Levels and vault maps discovered:
D:1:      scummos_arrival_simple_crosswalls, layout_basic, serial_shops,
          nicolae_shop_behind_doors, hellmonk_ecumenical_altar_inner_sanctum,
          serial_forest, infiniplex_forest_zigzag_1,
          infiniplex_forest_lined_ring, infiniplex_forest_clump_C,
          infiniplex_forest_join, infiniplex_forest_end_3
D:2:      layout_basic, serial_shops, shop, shop, shop,
          minmay_misc_feat_four_crosses, uniq_robin
D:3:      layout_loops_ring, kennysheep_generic_room_2, uniq_grinder
D:4:      layout_basic, nicolae_overflow_crystal_walls, glass_columns_b,
          grunt_ministairs_13, chequers_serial_rivers_micro_a,
          minmay_misc_feat_plants, uniq_edmund
D:5:      layout_loops_ring, st_stairs_8
D:6:      layout_layer_cave, grunt_temple_overflow_cloverleaf,
          minmay_temple_entry_junction_2, lightli_ossuary_entry_decrepit_ruins,
          hangedman_decor_opposing, hangedman_decor_slide_cut
D:7:      gammafunk_steamed_eel, layout_loops_ring
D:8:      layout_gridville
D:9:      layout_roguey, zin_academy, orc_0_dummy, st_stairs_9
D:10:     layout_basic, erik_lair_orcish_takeover, uniq_nergalle
D:11:     layout_basic
Temple:   nicolae_temple_x_marks_the_god
Lair:1:   layout_loops_ring, grunt_megastairs_4, infiniplex_staircase_pool,
          lemuel_fruit_tree, uniq_gastronok, uniq_grum, uniq_fannar

Skill      XL: |  1  2  3  4  5  6  7  8  9 10 11 |
---------------+----------------------------------+-----
Conjurations   | 2 3 4 5 6 7 8 |  8.6
Fire Magic     | 4 5 6 7 8 9 10 | 10.3
Spellcasting   | 3 4 5 6 8 9 11 | 11.4
Dodging        | 2 3 |  3.2
Maces & Flails | 1 2 3 4 |  4.5
Fighting       | 1 2 |  2.2
Earth Magic    | 1 3 5 |  5.4
Armour         | 1 2 |  2.7
Stealth        | |  2.1

Action                   |  1- 3 |  4- 6 |  7- 9 | 10-12 || total
-------------------------+-------+-------+-------+-------++-------
Melee: Unarmed           |     9 |       |       |       ||     9
       Whip              |       |    10 |       |       ||    10
       Flail             |       |       |   109 |   111 ||   220
       Punch             |       |       |     2 |       ||     2
Throw: Throwing net      |       |       |       |     1 ||     1
 Cast: Foxfire           |    45 |    84 |   248 |   129 ||   506
       Scorch            |       |    15 |    41 |    43 ||    99
       Conjure Flame     |       |     1 |     4 |     4 ||     9
       Sandblast         |       |       |    12 |    72 ||    84
       Flame Wave        |       |       |       |    22 ||    22
  Use: Scroll            |       |    10 |     8 |     6 ||    24
       Potion            |       |       |     2 |       ||     2
Armor: Robe              |     8 |    10 |    92 |    10 ||   120
       Leather armour    |       |       |       |   100 ||   100
Dodge: Dodged            |    27 |    25 |    85 |   159 ||   296
